 Dungeon Crawl Stone Soup version 0.27-a0-887-gcab673c142 (webtiles) character file.

Game seed: 1048394078457897237

1471 mhtbhm the Covered (level 8, -5/63 HPs)
             Began as a Minotaur Fighter on Apr 3, 2021.
             Slain by a gnoll sergeant
             ... wielding a +0 trident
              (9 damage)
             ... on level 7 of the Dungeon.
             The game lasted 00:08:56 (7407 turns).

mhtbhm the Covered (Minotaur Fighter)               Turns: 7407, Time: 00:08:57

Health: -5/63      AC:  9    Str: 23    XL:     8   Next: 49%
Magic:  7/7        EV:  9    Int:  5    God:
Gold:   269        SH: 10    Dex: 10    Spells: 7/7 levels left

rFire    . . .     SeeInvis .   a - +1 hand axe (vorpal)
rCold    . . .     Faith    .   c - +0 kite shield
rNeg     . . .     Spirit   .   b - +0 scale mail
rPois    +         Reflect  .   (helmet restricted)
rElec    .         Harm     .   (no cloak)
rCorr    .         Rampage  .   (no gloves)
Will     .....     Clarity  +   k - +0 pair of boots
Stlth    ..........             o - amulet of magic regeneration
HPRegen  0.20/turn              h - ring of wizardry
MPRegen  0.35/turn              g - ring of poison resistance

@: attractive
A: horns 2, retaliatory headbutt, clarity, frail 1
a: no special abilities


You were on level 7 of the Dungeon.
You visited 1 branch of the dungeon, and saw 7 of its levels.
You also visited: Sewer.

You collected 269 gold pieces.

Inventory:

Hand Weapons
 a - a +1 vorpal hand axe (weapon)
Armour
 b - a +0 scale mail (worn)
 c - a +0 kite shield (worn)
 k - a +0 pair of boots (worn)
Jewellery
 g - a ring of poison resistance (right hand)
 h - a ring of wizardry (left hand)
 o - an amulet of magic regeneration (around neck)
Scrolls
 d - a scroll of fog {unknown}
 i - 5 scrolls of teleportation
 j - a scroll of noise {unknown}
 m - a scroll of blinking {unknown}
 p - 2 scrolls of enchant armour {unknown}
Potions
 e - 3 potions of flight
 l - a potion of brilliance
 r - a potion of cancellation {unknown}


   Skills:
 + Level 5.8 Fighting
 + Level 7.3 Axes
 + Level 7.5 Armour
 + Level 2.5 Dodging
 + Level 1.8 Stealth
 + Level 6.5 Shields


You had 7 spell levels left.
You didn't know any spells.
Your spell library contained the following spells:

 Spells                   Type           Power      Damage    Failure   Level
 Beastly Appendage        Tmut           0%         N/A       78%         1
 Summon Small Mammal      Summ           0%         N/A       78%         1
 Call Imp                 Summ           0%         N/A       89%         2
 Wereblood                Tmut           0%         N/A       89%         2
 Call Canine Familiar     Summ           0%         N/A       98%         3
 Spider Form              Tmut/Pois      0%         N/A       98%         3
 Summon Guardian Golem    Hex/Summ       0%         N/A       98%         3
 Ice Form                 Ice/Tmut       0%         N/A       100%        4
 Summon Ice Beast         Ice/Summ       0%         N/A       100%        4
 Summon Lightning Spire   Summ/Air       0%         N/A       100%        4
 Hydra Form               Tmut           0%         N/A       100%        5


Dungeon Overview and Level Annotations

Branches:
Dungeon (7/15)              Sewer (visited)
 Temple: D:4-7

Altars:

Shops:
D:3 (   D:4 !   D:5 (


Innate Abilities, Weirdness & Mutations

You have a pair of horns on your head.
You reflexively headbutt those who attack you in melee.
You possess an exceptional clarity of mind.
You are frail. (-10% HP)


Message History

The gnoll is almost dead.
The gnoll sergeant hits you from afar with a +0 trident.
* * * LOW HITPOINT WARNING * * *
You block the gnoll's attack.
Unknown command.
Okay, then.
As you read the scroll of teleportation, it crumbles to dust.
You feel strangely unstable.
The gnoll sergeant hits you from afar with a +0 trident!
* * * LOW HITPOINT WARNING * * *
You block the gnoll's attack.
Unknown command.
There is a stone staircase leading up here.
Your surroundings suddenly seem different.
You start resting.
A gnoll sergeant opens the door.
It is wielding a +0 trident.
There are monsters nearby!
There are monsters nearby!
The gnoll shouts!
The gnoll sergeant hits you from afar with a +0 trident.
You hit the gnoll.
The gnoll is almost dead.
The gnoll sergeant hits you from afar with a +0 trident.
The gnoll hits you with a +0 whip.
* * * LOW HITPOINT WARNING * * *
You hit the gnoll but do no damage. You headbutt the gnoll.
You kill the gnoll!
The gnoll sergeant hits you but does no damage.
You barely miss the gnoll.
The gnoll sergeant hits you from afar with a +0 trident!
* * * LOW HITPOINT WARNING * * *
The gnoll hits you with a +0 flail.
* * * LOW HITPOINT WARNING * * *
Unknown command.
An ice beast comes into view.
It was a potion of attraction.
You feel attractive to monsters. You block the ice beast's attack.
The gnoll sergeant hits you from afar with a +0 trident!
You die...

##
#.###########...#
#....@Ygg........
#.#######.###...#
##.........
#.....##.##
##.g.##
##..###...
#........
#.###########.
#)# #..<.....


You could see an ice beast, a gnoll sergeant and a gnoll.

Vanquished Creatures
  The ghost of
  11223344 the Cleaver, a novice MiFi of the Shining One (D:6)
  2 water moccasins (D:6)
  An ogre (D:6)
  A black bear (D:6)
  A scorpion (D:6)
  4 wights (D:6)
  2 jellies
  4 hounds
  A centaur skeleton (D:5)
  An orc priest (D:2)
  An iguana (D:4)
  A howler monkey zombie (D:5)
  8 adders
  7 gnolls
  5 worms
  3 dart slugs
  22 orcs
  6 ball pythons
  6 endoplasms
  2 giant cockroaches
  6 goblins
  5 hobgoblins
  15 jackals
  4 quokkas
  12 bats
  4 frilled lizards
  6 kobolds
  5 rats
136 creatures vanquished.

Vanquished Creatures (others)
  2 withered plants (D:6)
2 creatures vanquished.

Grand Total: 138 creatures vanquished

Notes
Turn   | Place    | Note
-------+----------+-------------------------------------------
     0 | D:1      | mhtbhm the Minotaur Fighter began the quest for the Orb.
     0 | D:1      | Reached XP level 1. HP: 19/19 MP: 0/0
   123 | D:1      | Reached XP level 2. HP: 27/27 MP: 1/1
   365 | D:1      | You fall into a shaft and drop 1 floor!
   702 | D:2      | Reached XP level 3. HP: 25/33 MP: 2/2
  1093 | D:2      | Reached XP level 4. HP: 22/41 MP: 3/3
  1760 | D:2      | Gained mutation: You are frail. (-10% HP) [potion of
                  | mutation]
  1760 | D:2      | Gained mutation: You possess an exceptional clarity of
                  | mind. [potion of mutation]
  2070 | D:3      | Reached XP level 5. HP: 42/42 MP: 4/4
  2404 | D:3      | Found Onem's Weapon Shoppe.
  2777 | D:4      | HP: 2/42 [orc/+0 club (4)]
  3072 | D:4      | Found Puthiup's Distillery.
  3140 | D:4      | Reached skill level 5 in Armour
  3633 | D:5      | Entered Level 5 of the Dungeon
  3730 | D:5      | HP: 1/42 [hound (4)]
  3746 | D:4      | Reached XP level 6. HP: 4/49 MP: 5/5
  4032 | D:5      | Reached skill level 5 in Axes
  4109 | D:5      | Found Supeateor's Antique Weapon Shoppe.
  4280 | D:5      | Found a glowing drain.
  4291 | Sewer    | Entered a sewer
  4295 | Sewer    | Reached skill level 5 in Fighting
  5202 | D:5      | Reached skill level 5 in Shields
  6111 | D:6      | Noticed a water moccasin
  6120 | D:6      | Killed a water moccasin
  6121 | D:6      | Reached skill level 1 in Dodging
  6121 | D:6      | Reached XP level 7. HP: 23/45 MP: 6/6
  6283 | D:6      | Found a runed translucent door.
  6284 | D:6      | Noticed 11223344's ghost (novice MiFi)
  6628 | D:6      | Killed 11223344's ghost
  6629 | D:6      | Reached skill level 1 in Stealth
  6629 | D:6      | Reached XP level 8. HP: 47/62 MP: 7/7
  7396 | D:7      | HP: 2/63 [gnoll sergeant/+0 trident (13)]
  7407 | D:7      | Slain by a gnoll sergeant

Illustrated notes

Levels and vault maps discovered:
D:1:      elethiomel_arrival_shortcut, layout_basic
D:2:      layout_basic, hex_medium
D:3:      layout_loops_ring, serial_shops, nicolae_shop_crystal,
          hangedman_decor_push
D:4:      layout_cave_pools, serial_shops, nicolae_shop_stone
D:5:      layout_layer_cave, serial_shops, shop, portal_sewer_entry_d
D:6:      layout_loops_ring, gammafunk_ghost_grave, minmay_misc_feat_x,
          minmay_liquid_box
D:7:      layout_loops_corners, minmay_temple_entry_enclosed_plants

Skill      XL: |  1  2  3  4  5  6  7  8 |
---------------+-------------------------+-----
Shields        | 4 5 6 |  6.5
Fighting       | 4 5 |  5.8
Armour         | 4 5 6 7 |  7.5
Axes           | 3 4 5 6 7 |  7.3
Dodging        | 1 2 |  2.5
Stealth        | 1 |  1.8

Action                   |  1- 3 |  4- 6 |  7- 9 || total
-------------------------+-------+-------+-------++-------
Melee: War axe           |    60 |    17 |       ||    77
       Headbutt          |     7 |    40 |    13 ||    60
       Hand axe          |       |   215 |    69 ||   284
  Use: Scroll            |     1 |     8 |     3 ||    12
       Potion            |       |    11 |     2 ||    13
 Stab: Invisible         |       |       |     2 ||     2
Armor: Scale mail        |    22 |   119 |    14 ||   155
Dodge: Dodged            |    14 |    94 |    20 ||   128
Block: Kite shield       |    41 |   157 |    34 ||   232

Table legend: (Time is in decaauts)
 A = Elapsed time spent in this place.
 B = Non-inter-level travel time spent in this place.
 C = Inter-level travel time spent in this place.
 D = Time resting spent in this place.
 E = Time spent auto-exploring this place.
 F = Levels seen in this place.
 G = Mean time per level.
                   A        B        C        D        E       F      G
               +--------+--------+--------+--------+--------+-----+--------+
         Total |   7656 |   7584 |     72 |   1657 |   4249 |   8 |  957.0 |
       Dungeon |   6634 |   6562 |     72 |   1568 |   3780 |   7 |  947.7 |
         Sewer |   1022 |   1022 |      0 |     89 |    468 |   1 | 1022.0 |
               +--------+--------+--------+--------+--------+-----+--------+

Top non-repeatable levels by time:
     D:2: 1471 daAuts
     D:6: 1295 daAuts
     D:5: 1198 daAuts
     D:4: 1171 daAuts
   Sewer: 1022 daAuts
     D:3: 969 daAuts
     D:1: 385 daAuts
     D:7: 143 daAuts
